 Dungeon Crawl Stone Soup version 0.22-a0-362-g535178c (webtiles) character file.

257281 budo the Executioner (level 19, -12/124 HPs)
             Began as a Tengu Berserker on Apr 18, 2018.
             Was a High Priest of Trog.
             Mangled by an orc knight
             ... wielding a +0 bardiche
              (38 damage)
             ... on level 1 of the Vaults on Apr 19, 2018.
             The game lasted 02:18:07 (38705 turns).

budo the Executioner (Tengu Berserker)             Turns: 38705, Time: 02:18:08

Health: -12/124    AC: 21    Str: 26    XL:     19   Next: 83%
Magic:  26/26      EV: 21    Int: 12    God:    Trog [*****.]
Gold:   1029       SH:  0    Dex: 18    Spells: 18/18 levels left

rFire    + . .     SeeInvis .   C - +12 lance "Wyrmbane" {slay drac, rPois rF+ rC+ AC+3}
rCold    + + .     Gourm    .   (no shield)
rNeg     + . .     Faith    .   U - +3 ring mail of Eternal Night {-Cast rElec rC+ Slay+4}
rPois    +         Spirit   .   (helmet restricted)
rElec    +         Reflect  .   E - +1 cloak
rCorr    .         Harm     .   Y - +2 pair of gloves
MR       +++++     NoCast   +   (boots unavailable)
Stlth    ++++......             J - amulet of regeneration
HPRegen  1.70/turn              u - ring of the Mage {Wiz MR++ Int+3}
MPRegen  0.20/turn              I - ring of Xom's Sleight of Hands {rElec rN+ Str+3 Dex+3}

@: berserk cooldown, flying quickly and evasively, regenerating, slowed, very
slow
A: beak, talons 3, able to fly 2
}: 2/15 runes: decaying, serpentine
a: Stop Flying, Berserk, Trog's Hand, Brothers in Arms, Renounce Religion


You were on level 1 of the Vaults.
You worshipped Trog.
Trog was extremely pleased with you.
You were not hungry.

You visited 6 branches of the dungeon, and saw 32 of its levels.
You also visited: Labyrinth, Sewer, Ossuary and Volcano.

You collected 2963 gold pieces.
You spent 1934 gold pieces at shops.

Inventory:

Hand Weapons
 t - a +8 executioner's axe of chopping
 C - the +12 lance "Wyrmbane" (weapon) {slay drac, rPois rF+ rC+ AC+3}
   (You found it on level 11 of the Dungeon)

   It affects your AC (+3).
   It protects you from fire.
   It protects you from cold.
   It protects you from poison.
Missiles
 e - 46 stones
 m - 9 silver javelins
 D - 3 javelins of returning
 G - 28 tomahawks
 Q - 22 poisoned javelins
 S - a poisoned tomahawk (quivered)
Armour
 E - a +1 cloak (worn)
 U - the +3 ring mail of Eternal Night (worn) {-Cast rElec rC+ Slay+4}
   (You found it on level 1 of the Lair of Beasts)

   It affects your accuracy and damage with ranged weapons and melee attacks
   (+4).
   It protects you from cold.
   It insulates you from electricity.
   It prevents spellcasting.
 V - the +0 scale mail of the Trout {rPois Slay+3}
   (You found it on level 3 of the Swamp)

   It affects your accuracy and damage with ranged weapons and melee attacks
   (+3).
   It protects you from poison.
 W - the +2 ring mail of the Land of Plenty {MR+}
   (You took it off a spriggan on level 3 of the Swamp)

   It affects your resistance to hostile enchantments.
 Y - a +2 pair of gloves (worn)
Jewellery
 s - an uncursed ring of protection from fire
 u - the ring of the Mage (left hand) {Wiz MR++ Int+3}
   (You bought it in a shop on level 2 of the Snake Pit)

   [ring of wizardry]

   It improves your spell success rate.
   It affects your intelligence (+3).
   It affects your resistance to hostile enchantments.
 A - an uncursed ring of poison resistance
 I - the ring of Xom's Sleight of Hands (right hand) {rElec rN+ Str+3 Dex+3}
   (You found it in an ossuary)

   [ring of dexterity]

   It affects your strength (+3).
   It affects your dexterity (+3).
   It insulates you from electricity.
   It protects you from negative energy.
 J - an amulet of regeneration (around neck)
Wands
 x - a wand of iceblast (4)
 z - a wand of clouds (1)
 L - a wand of disintegration (30)
 O - a wand of digging (65)
 R - a wand of flame (17)
 T - a wand of acid (5)
 X - a wand of paralysis (16)
Scrolls
 b - 4 scrolls of amnesia {unknown}
 f - 9 scrolls of teleportation
 g - 4 scrolls of magic mapping
 j - 12 scrolls of remove curse
 l - 4 scrolls of blinking
 p - 3 scrolls of acquirement
 y - a scroll of random uselessness {unknown}
 B - a scroll of fear
 H - 3 scrolls of fog
 P - a scroll of holy word
Potions
 d - 7 potions of lignification
 i - 4 potions of haste
 k - 2 potions of cancellation
 n - 8 potions of might
 q - 11 potions of curing
 r - 8 potions of heal wounds
 w - 4 potions of agility
 F - 4 potions of ambrosia
 K - 3 potions of invisibility
 M - 4 potions of resistance
Miscellaneous
 a - a phantom mirror
 o - a lightning rod (4/4)
 N - a lamp of fire
 Z - a fan of gales
Comestibles
 c - 21 rations


   Skills:
 + Level 15.1 Fighting
 + Level 21.0(21.6) Axes
 - Level 10.6(17.0) Polearms
 - Level 6.0 Throwing
 + Level 18.5 Armour
 - Level 8.4 Dodging
 - Level 11.2 Stealth
 + Level 8.3 Evocations


You had 18 spell levels left.
You didn't know any spells.

Dungeon Overview and Level Annotations

Branches:
Dungeon (15/15)            Temple (0/1) D:6            Lair (6/6) D:11
  Swamp (4/4) Lair:4        Snake (4/4) Lair:4        Slime (0/5) Lair:5
    Orc (2/2) D:11            Elf (0/3) Orc:2        Vaults (1/5) D:14
 Depths (0/5) D:15

Altars:
Ashenzari
Cheibriados
Elyvilon
Gozag
Kikubaaqudgha
Trog
Uskayaw
Vehumet
Yredelemnul
The Shining One
Beogh

Shops:
D:12 (([   D:14 ?[(!*   Orc:2 ((:%   Snake:2 (=(*   Snake:3 *


Innate Abilities, Weirdness & Mutations

You have a beak for a mouth.
You have claws for feet.
You can fly continuously.


Message History

The orc knight hits your troll with a battleaxe!!
Your troll dies!
Your troll's corpse disappears in a puff of smoke!
Attack whom?
Press: ? - help, Dir - move target cursor, f/p - orc knight
Aim: an orc knight, wielding a battleaxe and wearing a plate armour (heavily wounded, unusually strong)
You reach to attack!
You hit the orc knight but do no damage.
The orc knight is heavily wounded.
Attack whom?
Press: ? - help, Dir - move target cursor, f/p - orc knight
Aim: an orc knight, wielding a battleaxe and wearing a plate armour (heavily wounded, unusually strong)
You reach to attack!
You hit the orc knight.
The orc knight is heavily wounded.
Your troll goes berserk!
You feel quite a bit more hungry.
The orc knight hits you with a battleaxe!!
* * * LOW HITPOINT WARNING * * *
The orc knight hits you from afar with a bardiche!!!
You die...

.............########........#
.............#o.....#........#
.............#....o.#........#
.............#.....o#........#
.............#..oo..#........#
.............#......#........#
.............#)[....#........#
...........(.#o######........
###########..)†o@)T.......
#.........########)####..
#.........#......).)..+
'......)..#.).#..)#>..#
#.........#.).#...#...#
#.........'.###...###.#
#.........#...........#
#.........#...........#
#.........#...........#


You could see 2 orc knights and a friendly troll (berserk).

Vanquished Creatures
  Kirke (D:14)
  A thorn hunter (Swamp:4)
  7 nagarajas
  2 ironheart preservers (Vaults:1)
  A very ugly thing (Swamp:4)
  A minotaur (Lab)
  2 ettins (D:11)
  2 yaktaur captains (D:15)
  3 ice dragons (Swamp:4)
  A great orb of eyes (Vaults:1)
  8 vault guards (D:14)
  11 naga warriors
  3 ghost crabs
  8 anacondas
  13 hydras
  5 centaur warriors
  21 two-headed ogres
  4 catoblepae
  A death knight (D:14)
  6 ogre magi
  6 alligators
  An orc high priest (Vaults:1)
  3 tengu warriors
  5 death yaks (Lair:6)
  19 naga sharpshooters
  3 shock serpents
  Sonja (Lair:1)
  A fire crab (shapeshifter) (D:15)
  Nergalle (D:11)
  3 salamander mystics
  2 skeletal warriors
  2 unseen horrors
  2 swamp dragons
  A deep elf archer (Vaults:1)
  4 spriggan druids
  A phantasmal warrior (D:14)
  8 naga ritualists
  An ironbrand convoker (Vaults:1)
  A necromancer (Vaults:1)
  7 orc knights (Vaults:1)
  4 orc sorcerers (Orc:2)
  3 deep elf magi
  9 ugly things
  27 mana vipers
  6 manticores
  20 slime creatures
  11 salamanders
  12 cyclopes
  A vault sentinel (Vaults:1)
  40 black mambas
  16 naga magi
  5 guardian serpents
  2 gargoyles
  24 spiny frogs
  A kobold demonologist (D:14)
  A yaktaur (D:15)
  An efreet (D:15)
  2 rime drakes
  6 freezing wraiths
  A minotaur skeleton (Lab)
  9 komodo dragons
  5 trolls
  3 meliai (D:11)
  2 polar bears
  15 blink frogs
  6 tyrant leeches
  5 hornets
  Grinder (D:6)
  5 bog bodies
  5 dream sheep
  10 hippogriffs
  5 spriggans
  A vampire (D:11)
  4 shadows
  3 wraiths
  3 basilisks
  5 hogs (D:14)
  6 wyverns
  36 yaks
  23 vampire mosquitoes
  3 hungry ghosts
  3 swamp worm simulacra (Swamp:4)
  12 wargs
  10 insubstantial wisps
  66 nagas
  17 swamp worms
  2 acid dragons
  16 soldier ants
  5 water moccasins
  5 hell hounds
  16 hydra simulacra (Swamp:4)
  10 porcupines
  6 swamp drakes
  16 orc warriors
  5 ice beasts
  2 sky beasts
  4 necrophages
  2 phantoms
  24 ogres
  4 boggarts (D:11)
  6 centaurs
  8 wolves
  12 crocodiles
  2 big kobolds
  12 bullfrogs
  4 wyvern zombies
  A water moccasin zombie (D:9)
  2 wyvern skeletons (D:13)
  6 killer bees (D:11)
  A water moccasin skeleton (D:6)
  2 scorpions
  4 wights
  A howler monkey (D:7)
  5 crimson imps
  6 centaur zombies
  2 quasits
  6 bullfrog zombies
  5 hounds
  2 jellies (D:14)
  6 centaur skeletons
  10 orc priests
  39 orc wizards
  Terence (D:2)
  4 iguanas
  27 worker ants
  A killer bee zombie (D:8)
  3 hound zombies
  2 howler monkey zombies
  14 mummies
  8 worker ant zombies
  4 gnolls (D:4)
  13 adders
  6 river rats (Sewer)
  3 shadow imps
  5 swamp drake simulacra (Swamp:4)
  3 adder zombies (Ossuary)
  3 oozes
  2 adder skeletons (D:6)
  5 worms
  A dart slug (D:3)
  5 leopard geckos
  97 orcs
  5 ball pythons
  9 bats
  5 giant cockroaches
  5 goblins
  7 hobgoblins
  18 jackals
  3 quokkas
  A ball python zombie (Ossuary)
  16 frilled lizards
  A giant cockroach zombie (Ossuary)
  A jackal zombie (D:7)
  22 kobolds
  A leopard gecko zombie (D:5)
  16 rats
1204 creatures vanquished.

Vanquished Creatures (collateral kills)
  Donald (Swamp:3)
  A stone giant (D:11)
  2 entropy weavers (Lair:6)
  Nessos (D:12)
  Josephine (D:10)
  A yaktaur captain (Vaults:1)
  A death yak (Lair:6)
  A queen ant (Lair:6)
  4 two-headed ogres
  2 ugly things (D:15)
  An orc knight (Vaults:1)
  8 cyclopes
  3 slime creatures (Vaults:1)
  A vault sentinel (Vaults:1)
  A spiny frog (Swamp:3)
  A freezing wraith (Vaults:1)
  2 hornets (Swamp:3)
  3 blink frogs (Lair:6)
  A dream sheep (Lair:5)
  A spriggan (Swamp:4)
  4 wraiths (D:10)
  4 yaks
  5 soldier ants (Lair:6)
  A swamp drake (Swamp:3)
  A necrophage (D:11)
  An orc warrior (D:11)
  A wolf (D:11)
  A centaur (D:11)
  A big kobold (D:11)
  A scorpion (D:8)
  A jelly (D:8)
  3 centaur zombies
  An iguana (D:8)
  2 worker ants (Lair:6)
  An adder (D:6)
  An orc (D:8)
  2 kobolds (D:11)
68 creatures vanquished.

Vanquished Creatures (others)
  6 blink frogs (Swamp:4)
  A bog body (Swamp:4)
  A worker ant (D:5)
  7 fungi
  9 plants
  A withered plant (Ossuary)
25 creatures vanquished.

Grand Total: 1297 creatures vanquished

Notes
Turn   | Place    | Note
-------+----------+-------------------------------------------
     0 | D:1      | budo the Tengu Berserker began the quest for the Orb.
     0 | D:1      | Reached XP level 1. HP: 14/14 MP: 2/2
   201 | D:1      | Reached XP level 2. HP: 19/19 MP: 3/3
   310 | D:1      | Reached skill level 1 in Stealth
   573 | D:2      | Reached XP level 3. HP: 23/23 MP: 4/4
   627 | D:2      | Noticed Terence
   639 | D:2      | Killed Terence
   708 | D:2      | Reached ** piety under Trog
   708 | D:2      | Reached XP level 4. HP: 28/28 MP: 5/5
   989 | D:2      | Reached skill level 5 in Polearms
  1349 | D:3      | Gained mutation: You can fly. [Tengu growth]
  1349 | D:3      | Reached XP level 5. HP: 32/32 MP: 6/6
  1355 | D:3      | Found an ancient bone altar of Kikubaaqudgha.
  1392 | D:3      | Found a glowing drain.
  1408 | Sewer    | Entered a sewer
  1445 | Sewer    | Reached *** piety under Trog
  2409 | D:3      | Reached XP level 6. HP: 37/37 MP: 7/7
  2455 | D:3      | Found a snail-covered altar of Cheibriados.
  2521 | D:3      | Received a gift from Trog
  2888 | D:4      | Noticed a phantom
  2914 | D:4      | Killed a phantom
  2914 | D:4      | Reached XP level 7. HP: 35/41 MP: 8/8
  3172 | D:4      | Reached skill level 5 in Stealth
  3306 | D:4      | Found a shattered altar of Ashenzari.
  3791 | D:5      | Entered Level 5 of the Dungeon
  3810 | D:5      | Reached XP level 8. HP: 46/46 MP: 9/9
  3865 | D:5      | Reached **** piety under Trog
  4065 | D:5      | Found a glowing golden altar of the Shining One.
  4121 | D:5      | Found a radiant altar of Vehumet.
  4137 | D:5      | Found a sand-covered staircase.
  4165 | Ossuary  | Entered an ossuary
  4715 | Ossuary  | Reached XP level 9. HP: 40/52 MP: 10/10
  4853 | Ossuary  | Got a slimy turquoise ring
  4993 | D:5      | Identified the ring of Xom's Sleight of Hands {rElec rN+ Str+3 Dex+3} (You found it in an ossuary)
  5018 | D:5      | Reached ***** piety under Trog
  5021 | D:5      | Reached skill level 1 in Throwing
  5659 | D:6      | Noticed Grinder
  5803 | D:6      | Found a staircase to the Ecumenical Temple.
  5971 | D:6      | Killed Grinder
  6042 | D:6      | Reached skill level 5 in Fighting
  6578 | D:7      | Reached skill level 5 in Armour
  7147 | D:7      | Found a bloodstained altar of Trog.
  7400 | D:8      | Noticed a two-headed ogre
  7412 | D:8      | Killed a two-headed ogre
  7412 | D:8      | Reached XP level 10. HP: 59/59 MP: 11/11
  7438 | D:8      | Reached skill level 10 in Polearms
  7620 | D:8      | Noticed a two-headed ogre
  7629 | D:8      | Killed a two-headed ogre
  7944 | D:8      | You fall through a shaft!
  7975 | D:9      | Found a hide-covered altar of Uskayaw.
  8120 | D:9      | Noticed a hand axe
  8121 | D:9      | Noticed a hand axe
  8245 | D:9      | Got an encrusted ring mail
  8260 | D:9      | Identified the +1 ring mail "Meugetit" {rC+ Str+5} (You found it on level 9 of the Dungeon)
  8960 | D:10     | Entered Level 10 of the Dungeon
  9003 | D:10     | Found a white marble altar of Elyvilon.
  9243 | D:10     | Received a gift from Trog
  9355 | D:10     | Noticed Josephine
  9401 | D:10     | Killed Josephine
  9401 | D:10     | Reached skill level 1 in Axes
  9402 | D:10     | Reached skill level 2 in Axes
  9405 | D:10     | Reached skill level 5 in Throwing
  9660 | D:10     | Noticed a gargoyle
  9667 | D:10     | Reached skill level 3 in Axes
  9675 | D:10     | Killed a gargoyle
  9675 | D:10     | Reached XP level 11. HP: 66/66 MP: 12/12
 10124 | D:11     | Noticed a cyclops
 10147 | D:11     | Killed a cyclops
 10147 | D:11     | Reached skill level 4 in Axes
 10356 | D:11     | Noticed Nergalle
 10444 | D:11     | Noticed a two-headed ogre
 10455 | D:11     | Killed a two-headed ogre
 10463 | D:11     | Noticed a cyclops
 10479 | D:11     | Killed a cyclops
 10589 | D:11     | Noticed a cyclops
 10699 | D:11     | Reached skill level 5 in Axes
 10811 | D:11     | Noticed a tengu warrior
 10816 | D:11     | Killed a tengu warrior
 11073 | D:11     | Killed Nergalle
 11073 | D:11     | Reached skill level 6 in Axes
 11144 | D:11     | Found a staircase to the Lair.
 11329 | D:11     | Reached skill level 7 in Axes
 11369 | D:11     | Noticed a cyclops
 11476 | D:12     | Found Juinnoef's Weapon Shop.
 11486 | D:12     | Noticed Nessos
 11493 | D:12     | Killed Nessos
 11512 | D:12     | Noticed a cyclops
 11567 | D:12     | Found Soninn's Antique Weapon Shop.
 11572 | D:12     | Bought a warped spear for 240 gold pieces
 11572 | D:12     | Identified the +10 spear of Haogy {pierce, rC+} (You bought it in a shop on level 12 of the Dungeon)
 11720 | D:11     | Killed a cyclops
 11790 | D:11     | Noticed a brown ugly thing
 11944 | Lair:1   | Entered Level 1 of the Lair of Beasts
 11986 | Lair:1   | Reached XP level 12. HP: 74/74 MP: 13/13
 12204 | Lair:1   | Reached skill level 8 in Axes
 12256 | Lair:1   | Got a steaming ring mail
 12268 | Lair:1   | Identified the +3 ring mail of Eternal Night {-Cast rElec rC+ Slay+4} (You found it on level 1 of the Lair of Beasts)
 12453 | Lair:1   | Noticed Sonja
 12464 | Lair:1   | Reached skill level 10 in Stealth
 12467 | Lair:1   | Killed Sonja
 12612 | Lair:1   | Reached skill level 9 in Axes
 13118 | Lair:2   | Upgraded the game from 0.22-a0-358-g7563fe7 to 0.22-a0-362-g535178c
 14429 | Lair:3   | Reached skill level 5 in Dodging
 14528 | Lair:3   | Reached skill level 10 in Axes
 14537 | Lair:3   | Received a gift from Trog
 14970 | Lair:4   | Got a fine ring mail
 14999 | Lair:4   | Reached XP level 13. HP: 80/80 MP: 14/14
 15007 | Lair:4   | Found a labyrinth entrance.
 15013 | Lab      | Entered a labyrinth
 15440 | Lab      | Identified the cursed +0 ring mail of Retuab {Dex+3 Stlth+} (You found it on level 4 of the Lair of Beasts)
 15454 | Lab      | Noticed a minotaur
 15461 | Lab      | Killed a minotaur
 15485 | Lab      | Got a shimmering flail
 15485 | Lab      | Got a dazzling leather armour
 15510 | Lair:4   | Identified the +2 leather armour "Coanadeff" {rElec rC- Stlth+} (You found it in a labyrinth)
 15613 | Lair:4   | Found a staircase to the Swamp.
 15748 | Lair:4   | Found a staircase to the Snake Pit.
 16311 | Lair:5   | Reached skill level 11 in Axes
 16473 | Lair:5   | Received a gift from Trog
 16479 | Lair:5   | Reached skill level 1 in Evocations
 16670 | Lair:5   | Reached skill level 10 in Fighting
 17251 | Lair:5   | Found a staircase to the Slime Pits.
 17338 | Lair:6   | Entered Level 6 of the Lair of Beasts
 18213 | Lair:6   | Reached skill level 12 in Axes
 18215 | Lair:6   | Gained mutation: You can fly continuously. [Tengu growth]
 18215 | Lair:6   | Reached XP level 14. HP: 88/88 MP: 18/18
 18455 | Lair:6   | Reached skill level 5 in Evocations
 18566 | Lair:6   | Identified the Grimoire of Augmentations and Malediction
 18910 | Lair:6   | Noticed an entropy weaver
 18919 | Lair:6   | Killed an entropy weaver
 19098 | Lair:6   | Reached skill level 13 in Axes
 19098 | Lair:6   | Reached XP level 15. HP: 77/93 MP: 20/20
 19586 | D:11     | Found a staircase to the Orcish Mines.
 19752 | D:11     | Reached skill level 14 in Axes
 19979 | D:11     | Reached skill level 10 in Armour
 20343 | D:11     | Found the +2 Maxwell's thermic engine {flame, freeze, rF- rC-}
 20344 | D:11     | Found the +8 lance "Wyrmbane" {slay drac, rPois rF+ rC+ AC+3}
 20499 | Orc:1    | Entered Level 1 of the Orcish Mines
 21070 | Orc:2    | Entered Level 2 of the Orcish Mines
 21141 | Orc:2    | Found a dark tunnel.
 21148 | Volcano  | Entered a volcano
 21861 | Orc:2    | Received a gift from Trog
 21909 | Orc:2    | Found Adiub's Weapon Emporium.
 21909 | Orc:2    | Found Zekkaon's Weapon Boutique.
 21946 | Orc:2    | Found a roughly hewn altar of Beogh.
 22026 | Orc:2    | Found Buoci's Food Emporium.
 22026 | Orc:2    | Found Micvin's Book Boutique.
 22073 | Orc:2    | Found a staircase to the Elven Halls.
 22682 | D:12     | Received a gift from Trog
 22746 | D:12     | Reached skill level 15 in Axes
 23139 | D:12     | Reached XP level 16. HP: 100/100 MP: 21/21
 23294 | D:12     | Found Xiyph's Antique Armour Shop.
 23302 | D:12     | Bought a pair of distressingly furry gloves for 313 gold pieces
 23307 | D:12     | Identified the cursed -4 pair of gloves "Qeqen" {rF++ rN+ Int-2 Stlth+} (You bought it in a shop on level 12 of the Dungeon)
 23307 | D:12     | Bought a pair of embroidered gloves for 247 gold pieces
 24264 | D:14     | Found Imuozel's Distillery.
 24272 | D:14     | Bought a potion of heal wounds for 55 gold pieces
 24272 | D:14     | Bought 2 potions of heal wounds for 110 gold pieces
 24272 | D:14     | Bought a potion of invisibility for 88 gold pieces
 24301 | D:14     | Found Punlaluz's Antique Weapon Shoppe.
 24422 | D:14     | Found Qobb's Assorted Antiques.
 24438 | D:14     | Identified a scroll of acquirement
 24499 | D:14     | Received a gift from Trog
 24595 | D:14     | Reached skill level 16 in Axes
 24655 | D:14     | Found a gate to the Vaults.
 24952 | D:14     | Found Foxuug's Magic Scroll Emporium.
 24975 | D:14     | Bought a scroll of fear for 56 gold pieces
 24975 | D:14     | Bought a scroll of fog for 32 gold pieces
 24979 | D:14     | Found Ynilem Uboe's Antique Armour Shoppe.
 25011 | D:14     | Noticed Kirke
 25057 | D:14     | Killed Kirke
 25187 | D:14     | Found a roughly hewn altar of Beogh.
 25307 | D:15     | Entered Level 15 of the Dungeon
 25730 | D:15     | Received a gift from Trog
 25927 | D:15     | Reached skill level 15 in Armour
 25951 | D:15     | Found a staircase to the Depths.
 26282 | Swamp:1  | Entered Level 1 of the Swamp
 26589 | Swamp:1  | Reached XP level 17. HP: 92/108 MP: 22/22
 26756 | Swamp:1  | Received a gift from Trog
 27006 | Swamp:1  | Received a gift from Trog
 27988 | Swamp:3  | Noticed Donald
 27998 | Swamp:3  | Killed Donald
 27998 | Swamp:3  | Reached skill level 17 in Axes
 28115 | Swamp:3  | Found a basalt altar of Yredelemnul.
 28165 | Swamp:3  | Got a slimy scale mail
 28176 | Swamp:3  | Identified the cursed +0 scale mail of the Trout {rPois Slay+3} (You found it on level 3 of the Swamp)
 28392 | Swamp:3  | Got a twisted ring mail
 28405 | Swamp:3  | Identified the +2 ring mail of the Land of Plenty {MR+} (You took it off a spriggan on level 3 of the Swamp)
 28601 | Swamp:3  | Received a gift from Trog
 28895 | Swamp:4  | Entered Level 4 of the Swamp
 29226 | Swamp:4  | Reached skill level 18 in Axes
 30239 | Swamp:4  | Received a gift from Trog
 30326 | Swamp:4  | Got a decaying rune of Zot
 30508 | Snake:1  | Entered Level 1 of the Snake Pit
 30642 | Snake:1  | Reached skill level 19 in Axes
 31455 | Snake:2  | Reached XP level 18. HP: 113/113 MP: 23/23
 31514 | Snake:2  | Found Neut's Antique Weapon Boutique.
 31514 | Snake:2  | Found Bacoav's Jewellery Shop.
 31515 | Snake:2  | Found Reufikk's Assorted Antiques.
 31604 | Snake:2  | Reached ****** piety under Trog
 31678 | Snake:2  | Found Setz's Weapon Shop.
 31690 | Snake:2  | Bought a scroll of fog for 70 gold pieces
 31693 | Snake:2  | Bought the ring of the Mage {Wiz MR++ Int+3} for 723 gold pieces
 31693 | Snake:2  | Found the ring of the Mage {Wiz MR++ Int+3}
 32072 | Snake:2  | Received a gift from Trog
 33414 | Snake:3  | Reached skill level 20 in Axes
 33492 | Snake:3  | Found Queppoef's Assorted Antiques.
 33626 | Snake:3  | Received a gift from Trog
 34090 | Snake:4  | Entered Level 4 of the Snake Pit
 35181 | Snake:4  | Reached XP level 19. HP: 103/122 MP: 24/24
 36380 | Snake:4  | Received a gift from Trog
 36985 | Snake:4  | Got a serpentine rune of Zot
 37396 | Vaults:1 | Entered Level 1 of the Vaults
 37910 | Vaults:1 | Received a gift from Trog
 38108 | Vaults:1 | Reached skill level 15 in Fighting
 38313 | Vaults:1 | Found an opulent altar of Gozag.
 38635 | Vaults:1 | Reached skill level 21 in Axes
 38705 | Vaults:1 | Mangled by an orc knight

Vault maps used:
D:1:      dpeg_arrival_shrine
D:2:      lightli_corner_chamber, uniq_terence
D:3:      lemuel_crystal_altar, kennysheep_slug_shrine, portal_sewer_entry_d
D:4:      cheibrodos_ashenzari_chains, first_ration, kennysheep_generic_room_5
D:5:      nicolae_tso_carved_into_rock, kennysheep_mini,
          gup_ossuary_entry_pyramid
D:6:      minmay_temple_entry_enclosed_plants, serial_glass, glass_columns_a,
          glass_columns_a, grunt_ministairs_7, roderic_nine_men_s_morris,
          uniq_grinder
D:7:      lemuel_crystal_altar, columned_hall_lemuel
D:8:      minmay_gold_behind_fungi
D:9:      dancing_weapons_uskayaw, serial_undead, serial_undead_b,
          serial_undead_c, serial_undead_d, serial_undead_d, the_bakery
D:10:     elyvilon_altar_1, uniq_josephine
D:11:     giant_chief_lemuel, grunt_lair_entry_orc_guard_hut,
          minmay_orc_entry_guard_dogs, minmay_misc_feat_roman,
          kennysheep_generic_room_13, uniq_nergalle
D:12:     serial_shops, shop, nicolae_shop_competitors_out_of_business, shop,
          wad_dig_loot, uniq_nessos
D:14:     erik_vaults_2, bh_walls_and_bars, serial_shops,
          nicolae_shop_waterfront, shop, shop_fountains, shop, shop,
          david_defended_altar_orc, uniq_kirke
D:15:     grunt_enter_depths_snipers, serial_glass, glass_columns_c,
          glass_columns_c, glass_columns_a, glass_columns_a, glass_columns_c,
          glass_columns_a, minmay_misc_feat_rugged
Lair:1:   minivault_11, st_stairs_4, infiniplex_staircase_pool,
          grunt_megastairs_4, uniq_sonja
Lair:3:   minivault_19
Lair:4:   swamp_mist, guppyfry_snake_entry_island, lab_entry_generic
Lair:5:   dpeg_slime_entry_corner, st_stairs_13, serial_bayou_pond_c
Lair:6:   evilmike_catoblepas_cave, zaba_anthell, infiniplex_staircase_pool_2
Swamp:1:  hangedman_swamp_lotus
Swamp:2:  nicolae_swamp_fairy_circle, swamp_pool4
Swamp:3:  basic_altar, uniq_donald
Swamp:4:  swamp_icy
Snake:2:  st_stairs_8, minmay_shoptagon
Snake:3:  serial_shops, nicolae_shop_overgrown_old_shop,
          nrook_guardian_serpent_ordinary, lemuel_fruit_tree
Snake:4:  minmay_snake_end_coiled
Orc:2:    st_orc_town, enter_volcano_3
Vaults:1: vaults_room_grunt_arrival_ludios, vaults_dpeg_doors, v_misc_2,
          special_room_vaults, v_misc_19, vaults_room_stairs_pillars,
          ontoclasm_vaults_gateway, vaults_room_pool, basic_altar
Lab:      labyrinth_watery, nicolae_lab_very_dead_end
Sewer:    sewer_co_cracked_pipes
Ossuary:  ossuary_zaba_flooded
Volcano:  volcano_village

Skill      XL: |  1  2  3  4  5  6  7  8  9 10 11 12 13 14 15 16 17 18 19 |
---------------+----------------------------------------------------------+-----
Stealth        | 1 2 3 4 5 6 7 8 9 10 11 | 11.2
Polearms       | 4 5 6 7 8 9 10 | 10.6
Armour         | 4 5 7 8 9 11 15 16 17 18 | 18.5
Dodging        | 3 4 5 7 8 |  8.4
Fighting       | 4 5 6 8 9 10 11 12 14 15 | 15.1
Throwing       | 3 5 6 |  6.0
Axes           | 3 7 10 12 13 15 16 19 20 21 | 21.0
Evocations     | 4 5 6 8 |  8.3

Action                   |  1- 3 |  4- 6 |  7- 9 | 10-12 | 13-15 | 16-18 | 19-21 || total
-------------------------+-------+-------+-------+-------+-------+-------+-------++-------
Melee: Spear             |    49 |   258 |   353 |   521 |   719 |   862 |       ||  2762
       Kick              |    12 |    36 |    91 |   153 |   209 |   409 |   175 ||  1085
       Peck              |     6 |    27 |    53 |    82 |   122 |   260 |    97 ||   647
       Unarmed           |       |       |       |       |       |    18 |       ||    18
       Lance             |       |       |       |       |       |   664 |   531 ||  1195
Throw: Stone             |     4 |     8 |    34 |    20 |    10 |     2 |       ||    78
       Javelin           |       |       |    12 |    35 |       |       |       ||    47
       Throwing net      |       |       |       |       |     2 |       |       ||     2
       Tomahawk          |       |       |       |       |     5 |    11 |       ||    16
Invok: Berserk           |     2 |     9 |    23 |    20 |    19 |    28 |     6 ||   107
       Brothers in Arms  |       |       |     2 |     9 |    10 |     4 |     3 ||    28
       Trog's Hand       |       |       |       |     3 |     3 |     5 |     2 ||    13
 Abil: Fly               |       |     2 |       |       |     1 |       |       ||     3
Evoke: Wand              |       |       |       |     3 |     7 |    37 |       ||    47
  Use: Scroll            |       |     5 |     9 |     9 |    12 |    15 |     4 ||    54
       Potion            |       |     1 |     1 |     4 |     2 |     2 |     1 ||    11
 Stab: Sleeping          |       |     2 |     7 |    22 |    13 |    46 |     1 ||    91
       Distracted        |       |     2 |     1 |     1 |     6 |    17 |     4 ||    31
  Eat: Chunk             |     1 |    13 |    22 |    18 |    23 |    28 |     8 ||   113
       Ration            |       |     1 |     4 |     8 |     8 |    11 |     3 ||    35
Armor: Animal skin       |     1 |       |       |       |       |       |       ||     1
       Ring mail         |     4 |    37 |    16 |    44 |    42 |   151 |    50 ||   344
       Skin              |       |    18 |       |       |       |       |       ||    18
       Chain mail        |       |       |    50 |    20 |       |       |       ||    70
Dodge: Dodged            |    14 |    62 |    52 |   115 |   142 |   406 |   121 ||   912

Table legend:
 A = Spawn XP
 B = Non-spawn XP
 C = Spawn XP percentage of total XP
 D = Spawn monster count
 E = Non-spawn monster count
 F = Spawn count percentage of total count
 G = Total turns spent on level
                    A         B        C        D         E        F      G
               +---------+---------+-------+---------+---------+-------+---------
         Total |       0 |  350073 |   0.0 |       0 |    1273 |   0.0 | 38705
               +---------+---------+-------+---------+---------+-------+---------
           D:1 |       0 |      22 |   0.0 |       0 |      14 |   0.0 |   554
           D:2 |       0 |     111 |   0.0 |       0 |      34 |   0.0 |   707
           D:3 |       0 |     151 |   0.0 |       0 |      32 |   0.0 |   680
           D:4 |       0 |     802 |   0.0 |       0 |      22 |   0.0 |  1070
           D:5 |       0 |     771 |   0.0 |       0 |      36 |   0.0 |   973
           D:6 |       0 |    1031 |   0.0 |       0 |      21 |   0.0 |  1009
           D:7 |       0 |     550 |   0.0 |       0 |      25 |   0.0 |   813
           D:8 |       0 |    1354 |   0.0 |       0 |      16 |   0.0 |   784
           D:9 |       0 |    1182 |   0.0 |       0 |      16 |   0.0 |   811
          D:10 |       0 |    2798 |   0.0 |       0 |      33 |   0.0 |  1361
          D:11 |       0 |   17852 |   0.0 |       0 |      84 |   0.0 |  2383
          D:12 |       0 |    8603 |   0.0 |       0 |      28 |   0.0 |  1183
          D:13 |       0 |    9141 |   0.0 |       0 |      32 |   0.0 |   789
          D:14 |       0 |   23297 |   0.0 |       0 |      42 |   0.0 |  1154
          D:15 |       0 |   14448 |   0.0 |       0 |      30 |   0.0 |   786
        Lair:1 |       0 |    4678 |   0.0 |       0 |      20 |   0.0 |  1219
        Lair:2 |       0 |    2716 |   0.0 |       0 |      12 |   0.0 |  1056
        Lair:3 |       0 |    4290 |   0.0 |       0 |      23 |   0.0 |   791
        Lair:4 |       0 |    5562 |   0.0 |       0 |      20 |   0.0 |  1213
        Lair:5 |       0 |    7001 |   0.0 |       0 |      25 |   0.0 |  1179
        Lair:6 |       0 |   21561 |   0.0 |       0 |      84 |   0.0 |  2057
       Swamp:1 |       0 |   10891 |   0.0 |       0 |      37 |   0.0 |   819
       Swamp:2 |       0 |    8301 |   0.0 |       0 |      20 |   0.0 |   849
       Swamp:3 |       0 |   11425 |   0.0 |       0 |      30 |   0.0 |  1036
       Swamp:4 |       0 |   24796 |   0.0 |       0 |      78 |   0.0 |  1432
       Snake:1 |       0 |   11087 |   0.0 |       0 |      21 |   0.0 |   961
       Snake:2 |       0 |   30619 |   0.0 |       0 |      61 |   0.0 |  1697
       Snake:3 |       0 |   18777 |   0.0 |       0 |      35 |   0.0 |   988
       Snake:4 |       0 |   53090 |   0.0 |       0 |      98 |   0.0 |  2950
         Orc:1 |       0 |     843 |   0.0 |       0 |      16 |   0.0 |   598
         Orc:2 |       0 |    5854 |   0.0 |       0 |      82 |   0.0 |  1071
      Vaults:1 |       0 |   40095 |   0.0 |       0 |      84 |   0.0 |  1309
           Lab |       0 |    2001 |   0.0 |       0 |       3 |   0.0 |   486
         Sewer |       0 |     106 |   0.0 |       0 |      20 |   0.0 |   780
       Ossuary |       0 |     725 |   0.0 |       0 |      30 |   0.0 |   779
       Volcano |       0 |    3542 |   0.0 |       0 |       9 |   0.0 |   378
               +---------+---------+-------+---------+---------+-------+---------
